 Dungeon Crawl Stone Soup version 0.22-a0-571-g4a923d4b9e (webtiles) character file.

1037 PikkenKukken the Agent of Entropy (level 8, -8/62 (64) HPs)
             Began as a Demonspawn Abyssal Knight on June 30, 2018.
             Was a Priest of Lugonu.
             Mangled by Prince Ribbit (10 damage)
             ... on level 5 of the Dungeon on July 1, 2018.
             The game lasted 00:13:59 (5215 turns).

PikkenKukken the Agent of Entropy (DsAK)            Turns: 5215, Time: 00:13:59

HP:   -8/62 (64)    AC: 16    Str: 14    XL:     8   Next: 4%
MP:   10/12         EV:  7    Int: 14    God:    Lugonu [***...]
Gold: 218           SH:  0    Dex: 15    Spells: 7/7 levels left

rFire    + . .     SeeInvis .   a - +1 hand axe
rCold    . . .     Gourm    .   (no shield)
rNeg     + . .     Faith    .   d - +0 chain mail
rPois    +         Spirit   .   (helmet restricted)
rElec    +         Reflect  .   (no cloak)
rCorr    .         Harm     .   j - +0 pair of gloves (curse)
MR       .....                  k - +0 pair of boots
Stlth    ..........             v - amulet of inaccuracy (curse)
HPRegen  0.20/turn              n - +3 ring of protection
MPRegen  0.13/turn              o - ring of positive energy

@: no status effects
A: antennae 1, rugged brown scales 2, agile 1, fire resistance 1, poison
resistance, powered by death 2, electricity resistance, evolution 1, MP-powered
wands
a: Depart the Abyss, Bend Space, Banish, Renounce Religion


You were on level 5 of the Dungeon.
You worshipped Lugonu.
Lugonu was most pleased with you.
You were not hungry.

You visited 1 branch of the dungeon, and saw 5 of its levels.
You visited the Abyss 1 time.

You collected 218 gold pieces.

Inventory:

Hand Weapons
 a - a +1 hand axe (weapon)
Missiles
 e - 83 arrows
 s - 26 bolts
Armour
 b - a +0 leather armour
 d - a +0 chain mail (worn)
 j - a cursed +0 pair of gloves (worn)
 k - a +0 pair of boots (worn)
Jewellery
 n - a +3 ring of protection (left hand)
 o - a ring of positive energy (right hand)
 u - an uncursed ring of stealth
 v - a cursed amulet of inaccuracy (around neck)
Wands
 p - a wand of digging (8)
 w - a wand of acid (3)
Scrolls
 r - a scroll of teleportation
Potions
 g - a potion of resistance
 i - a potion of mutation
 l - a potion of brilliance
 m - 3 potions of curing
Comestibles
 c - 3 rations


   Skills:
 + Level 4.8 Fighting
 + Level 3.9 Axes
 + Level 3.1 Throwing
 + Level 3.8 Armour
 + Level 3.3 Dodging
 + Level 5.4 Invocations


You had 7 spell levels left.
You didn't know any spells.
Your spell library contained the following spells:

 Spells                   Type           Power        Failure   Level  Hunger
 Spider Form              Tmut/Pois      #.........   100%        3    ####...
 Blade Hands              Tmut           #.........   100%        5    ######.
 Ice Form                 Ice/Tmut       #.......     100%        4    #####..
 Sticks to Snakes         Tmut           #.......     100%        2    ###....
 Beastly Appendage        Tmut           #.....       100%        1    ##.....


Dungeon Overview and Level Annotations

Branches:
Dungeon (5/15)
 Temple: D:4-7

Altars:
Sif Muna

Annotations:
D:5 Prince Ribbit


Innate Abilities, Weirdness & Mutations

You have a pair of small antennae on your head.
You are mostly covered in rugged brown scales. (AC +2, +5% HP)
You regenerate health from kills.
You are agile. (Dex +2)
Your flesh is heat resistant. (rF+)
Your system is resistant to poisons. (rPois)
You are resistant to electric shocks. (rElec)
You evolve.
You expend magic power (3 MP) to strengthen your wands.


Message History

Prince Ribbit hits you!
* * * LOW HITPOINT WARNING * * *
You miss Prince Ribbit.
Prince Ribbit is severely wounded.
Prince Ribbit barely misses you.
Prince Ribbit blinks!
Prince Ribbit blinks!
You barely miss Prince Ribbit.
Prince Ribbit is heavily wounded.
Prince Ribbit hits you but does no damage.
You miss Prince Ribbit.
Prince Ribbit is heavily wounded.
Prince Ribbit barely misses you.
Prince Ribbit hits you but does no damage.
You hit Prince Ribbit.
Prince Ribbit is severely wounded.
Prince Ribbit hits you but does no damage.
Prince Ribbit hits you!
* * * LOW HITPOINT WARNING * * *
Prince Ribbit hits you!
You die...

..##...## #.........#
......>.#####.........#
.........#..#.........#
...........##(..((....#
...........##.(.(.....#
........#.# ##.......##
..#....##.# #.........#
#.#.###...# #(...F^...#
..#.###.#####...@.....#
.##.##................#
.##.....#####...<.....#
.##...### ##.......##
.#....# ##.....##
.#.#..# ##.#### .#....#
#.# ....#.## ###.#
#......#### #...#


You could see Prince Ribbit.

Vanquished Creatures
  Grinder (D:4)
  Purgy (D:4)
  A necrophage (D:5)
  An ogre (D:4)
  A howler monkey (D:4)
  A crimson imp (D:5)
  A bullfrog zombie (D:5)
  3 hounds
  A bullfrog skeleton (D:4)
  Ijyb (D:5)
  4 worker ants
  A hound skeleton (D:4)
  3 gnolls (D:4)
  A howler monkey skeleton (D:4)
  11 adders
  3 worms
  5 dart slugs
  4 leopard geckos
  3 orcs
  4 bats
  2 giant cockroaches
  6 hobgoblins
  6 jackals
  4 kobolds
  3 quokkas
  3 ball pythons
  3 frilled lizards
  11 goblins
  A jackal skeleton (D:4)
  6 rats
96 creatures vanquished.

Notes
Turn   | Place    | Note
-------+----------+-------------------------------------------
     0 | Abyss:1  | PikkenKukken the Demonspawn Abyssal Knight began the quest for the Orb.
     0 | Abyss:1  | Reached XP level 1. HP: 18/18 MP: 2/2
    82 | Abyss:1  | Noticed a large abomination
    85 | Abyss:1  | Noticed a large abomination
    87 | D:1      | Escaped the Abyss
   243 | D:1      | Reached skill level 1 in Dodging
   321 | D:1      | Reached * piety under Lugonu
   445 | D:1      | Gained mutation: You have a pair of small antennae on your head. [demonic ancestry]
   445 | D:1      | Reached XP level 2. HP: 21/24 MP: 4/4
   833 | D:2      | Gained mutation: You regenerate a little health from kills. [demonic ancestry]
   833 | D:2      | Reached XP level 3. HP: 27/29 MP: 5/5
   926 | D:2      | Reached skill level 3 in Invocations
  1076 | D:2      | Gained mutation: You expend magic power (3 MP) to strengthen your wands. [potion of mutation]
  1076 | D:2      | Gained mutation: You are covered in fur. (AC +1) [potion of mutation]
  1076 | D:2      | Gained mutation: You are agile. (Dex +2) [potion of mutation]
  1206 | D:2      | Lost mutation: You are agile. (Dex +2) [potion of mutation]
  1206 | D:2      | Lost mutation: You expend magic power (3 MP) to strengthen your wands. [potion of mutation]
  1206 | D:2      | Lost mutation: You are covered in fur. (AC +1) [potion of mutation]
  1206 | D:2      | Gained mutation: You expend magic power (3 MP) to strengthen your wands. [potion of mutation]
  1206 | D:2      | Gained mutation: You are resistant to electric shocks. (rElec) [potion of mutation]
  1206 | D:2      | Gained mutation: You evolve. [potion of mutation]
  1206 | D:2      | Gained mutation: Your flesh is heat resistant. (rF+) [potion of mutation]
  1222 | D:2      | Gained mutation: Your system is resistant to poisons. (rPois) [evolution]
  1454 | D:2      | Found a deep blue altar of Sif Muna.
  1507 | D:3      | Gained mutation: You are partially covered in rugged brown scales. (AC +1, +3% HP) [demonic ancestry]
  1507 | D:3      | Reached XP level 4. HP: 24/36 MP: 6/6
  1511 | D:3      | Reached skill level 1 in Throwing
  1694 | D:3      | Found a faded altar of an unknown god.
  1699 | D:3      | Reached ** piety under Lugonu
  2148 | D:3      | Gained mutation: You regenerate health from kills. [demonic ancestry]
  2148 | D:3      | Reached XP level 5. HP: 38/43 MP: 7/7
  2895 | D:4      | Noticed Grinder
  2994 | D:4      | Killed Grinder
  2994 | D:4      | Reached skill level 4 in Invocations
  2994 | D:4      | Reached XP level 6. HP: 15/49 MP: 7/9
  3492 | D:4      | Noticed Purgy
  3518 | D:4      | Killed Purgy
  3518 | D:4      | Reached *** piety under Lugonu
  3518 | D:4      | Gained mutation: You are mostly covered in rugged brown scales. (AC +2, +5% HP) [demonic ancestry]
  3518 | D:4      | Reached XP level 7. HP: 52/57 MP: 10/10
  4073 | D:5      | Entered Level 5 of the Dungeon
  4095 | D:4      | Reached skill level 5 in Invocations
  4287 | D:5      | Gained mutation: You are agile. (Dex +2) [evolution]
  4387 | D:5      | Noticed Ijyb
  4464 | D:5      | Killed Ijyb
  4570 | D:5      | Noticed Prince Ribbit
  4599 | D:5      | Reached XP level 8. HP: 12/62 MP: 12/12
  4961 | D:5      | Upgraded the game from 0.22-a0-570-g58866f5d57 to 0.22-a0-571-g4a923d4b9e
  5212 | D:5      | HP: 1/62 [Prince Ribbit (12)]
  5215 | D:5      | Mangled by Prince Ribbit

Vault maps used:
D:1:      lemuel_arrival_rhombus
D:2:      led_sif_pool
D:3:      chequers_ecumenical_altar_simple_redux, minmay_misc_feat_iff
D:4:      uniq_purgy, uniq_grinder
D:5:      first_ration, uniq_prince_ribbit1, uniq_ijyb

Skill      XL: |  1  2  3  4  5  6  7 |
---------------+----------------------+-----
Dodging        | 1 2 3 |  3.3
Axes           | 2 3 |  3.9
Armour         | 2 3 |  3.8
Invocations    | 3 4 5 |  5.4
Throwing       | 1 2 3 |  3.1
Fighting       | 4 |  4.8

Action                   |  1- 3 |  4- 6 |  7- 9 || total
-------------------------+-------+-------+-------++-------
Melee: Hand axe          |   122 |   261 |   277 ||   660
Throw: Tomahawk          |     3 |     7 |     7 ||    17
Invok: Depart the Abyss  |     1 |       |       ||     1
       Bend Space        |       |     2 |       ||     2
Evoke: Wand              |       |       |     2 ||     2
  Use: Scroll            |     6 |     2 |     1 ||     9
       Potion            |     2 |     4 |     1 ||     7
 Stab: Invisible         |       |     2 |       ||     2
  Eat: Chunk             |     2 |     3 |     5 ||    10
       Ration            |       |     1 |     1 ||     2
Armor: Leather armour    |     6 |       |       ||     6
       Chain mail        |   114 |   160 |   214 ||   488
       Skin              |       |    58 |       ||    58
Dodge: Dodged            |    46 |   103 |   108 ||   257

Table legend:
 A = Spawn XP
 B = Non-spawn XP
 C = Spawn XP percentage of total XP
 D = Spawn monster count
 E = Non-spawn monster count
 F = Spawn count percentage of total count
 G = Total turns spent on level
                    A         B        C        D         E        F      G
               +---------+---------+-------+---------+---------+-------+---------
         Total |       0 |    1482 |   0.0 |       0 |      96 |   0.0 |  5215
               +---------+---------+-------+---------+---------+-------+---------
           D:1 |       0 |      18 |   0.0 |       0 |      10 |   0.0 |   675
           D:2 |       0 |      69 |   0.0 |       0 |      25 |   0.0 |   708
           D:3 |       0 |     195 |   0.0 |       0 |      29 |   0.0 |  1484
           D:4 |       0 |     829 |   0.0 |       0 |      23 |   0.0 |  1433
           D:5 |       0 |     371 |   0.0 |       0 |       9 |   0.0 |   828
               +---------+---------+-------+---------+---------+-------+---------
